 Dungeon Crawl Stone Soup version 0.22.1-1-ga44c0e5 (webtiles) character file.

82 schets the Ducker (level 4, -17/34 HPs)
             Began as a Demonspawn Gladiator on Sept 30, 2018.
             Demolished by an ogre
             ... wielding a +0 giant club
              (28 damage)
             ... on level 3 of the Dungeon.
             The game lasted 00:01:56 (1937 turns).

schets the Ducker (Demonspawn Gladiator)            Turns: 1937, Time: 00:01:57

Health: -17/34     AC:  4    Str: 15    XL:     4   Next: 21%
Magic:  4/4        EV: 13    Int:  9    God:
Gold:   65         SH:  0    Dex: 15    Spells: 3/3 levels left

rFire    . . .     SeeInvis .     - Unarmed
rCold    . . .     Gourm    .   (no shield)
rNeg     . . .     Faith    .   a - +0 leather armour
rPois    .         Spirit   .   b - +0 helmet
rElec    .         Reflect  .   (no cloak)
rCorr    .         Harm     .   (no gloves)
MR       .....                  (no boots)
Stlth    +.........             (no amulet)
HPRegen  0.11/turn              (no ring)
MPRegen  0.09/turn              (no ring)

@: no status effects
A: powered by death 2, spiny 1
a: no special abilities


You were on level 3 of the Dungeon.
You were not hungry.

You visited 1 branch of the dungeon, and saw 3 of its levels.

You collected 65 gold pieces.

Inventory:

Missiles
 c - a throwing net (quivered)
 f - 5 tomahawks
Armour
 a - a +0 leather armour (worn)
 b - a +0 helmet (worn)
Scrolls
 e - 2 scrolls of identify {unknown}
 h - 2 scrolls of enchant armour {unknown}
 i - a scroll of amnesia {unknown}
Potions
 g - a potion of degeneration {unknown}
Comestibles
 d - 8 rations
 j - 4 chunks of flesh


   Skills:
 * Level 2.9 Fighting
 - Level 1.8 Throwing
 + Level 1.1 Armour
 + Level 3.3 Dodging
 * Level 3.3 Unarmed Combat


You had 3 spell levels left.
You didn't know any spells.
Your spell library was empty.

Dungeon Overview and Level Annotations

Branches:
Dungeon (3/15)

Altars:

Annotations:
D:1 exclusion: downstairs
D:2 Sigmund


Innate Abilities, Weirdness & Mutations

You regenerate health from kills.
You are partially covered in sharp spines.


Message History

The ogre is heavily wounded.
The ball python bites you but does no damage.
The ogre struggles against the net.
You hit the ogre.
The ogre is severely wounded.
The ball python is struck by your spines.
You kill the ball python!
You hit the ogre.
The ogre is severely wounded.
The ogre struggles against the net.
The net rips apart, and the ogre comes free!
You hit the ogre but do no damage.
The ogre is severely wounded.
The ogre is struck by your spines. The ogre hits you with a giant club!!
Ouch! That really hurt!
You barely miss the ogre. Your punch misses the ogre.
The ogre is almost dead.
The ogre hits you with a giant club!!
Ouch! That really hurt!
You die...

. ..l#####..
#...#...#.#
....#.#.#.#
####..#.#.#.#
....O#.....#
#......<..#
#..###....#
#(.O@<....#
.......§§§.......#
♣....##§§♣♣P###♣♣.♣
♣♣.♣♣.PP§..♣.P .. #
♣.♣♣♣♣.♣ ♣♣.. P ♣
♣.. ♣ ...♣ .♣.P♣


You could see an ogre.

Vanquished Creatures
  An orc wizard (D:2)
  An adder (D:2)
  A worm (D:2)
  A dart slug (D:2)
  A leopard gecko (D:2)
  2 orcs (D:2)
  A giant cockroach (D:1)
  4 goblins
  5 hobgoblins
  2 jackals (D:1)
  6 kobolds (D:1)
  2 ball pythons
  4 bats
  4 rats
35 creatures vanquished.

Notes
Turn   | Place    | Note
-------+----------+-------------------------------------------
     0 | D:1      | schets the Demonspawn Gladiator began the quest for the
                  | Orb.
     0 | D:1      | Reached XP level 1. HP: 16/16 MP: 1/1
   293 | D:1      | Gained mutation: You are partially covered in sharp spines.
                  | [demonic ancestry]
   293 | D:1      | Reached XP level 2. HP: 10/22 MP: 2/2
  1148 | D:2      | Gained mutation: You regenerate a little health from kills.
                  | [demonic ancestry]
  1148 | D:2      | Reached XP level 3. HP: 27/28 MP: 3/3
  1693 | D:2      | Reached skill level 1 in Armour
  1693 | D:2      | Gained mutation: You regenerate health from kills. [demonic
                  | ancestry]
  1693 | D:2      | Reached XP level 4. HP: 12/34 MP: 4/4
  1729 | D:2      | Noticed Sigmund
  1924 | D:3      | Noticed an ogre
  1937 | D:3      | Demolished by an ogre

Skill      XL: |  1  2  3 |
---------------+----------+-----
Dodging        | 3 |  3.3
Unarmed Combat | 3 |  3.3
Armour         | 1 |  1.1
Fighting       | |  2.9
Throwing       | |  1.8

Action                   |  1- 3 |  4- 6 || total
-------------------------+-------+-------++-------
Melee: Unarmed           |    92 |    19 ||   111
Throw: Throwing net      |       |     2 ||     2
 Stab: Held in net/web   |       |     1 ||     1
  Eat: Chunk             |     2 |     1 ||     3
Armor: Leather armour    |    21 |     2 ||    23
Dodge: Dodged            |    53 |     8 ||    61
